 Dungeon Crawl Stone Soup version 0.20-a0-427-g8b12978 (webtiles) character file.

527 Kriby the Magician (level 7, -3/46 HPs)
             Began as a Mummy Fire Elementalist on Jan 1, 2017.
             Was an Initiate of Sif Muna.
             Slain by Duvessa
             ... wielding a +0 short sword
              (8 damage)
             ... on level 5 of the Dungeon.
             The game lasted 00:07:53 (4262 turns).

Kriby the Magician (Mummy Fire Elementalist)        Turns: 4262, Time: 00:07:54

Health: -3/46      AC:  2    Str: 11    XL:     7   Next: 2%
Magic:  0/14       EV: 12    Int: 16    God:    Sif Muna [......]
Gold:   187        SH:  0    Dex: 13    Spells: 6/16 levels left

rFire  x . .     SeeInvis .     e - +1 dagger
rCold  + . .     Gourm    .     a - +0 robe
rNeg   + + +     Faith    +     (no shield)
rPois  ∞         Spirit   .     (no helmet)
rElec  .         Reflect  .     (no cloak)
rCorr  .         Harm     .     (no gloves)
MR     .....                    (no boots)
Stlth  ++........               l - amulet of faith
                                (no ring)
                                (no ring)

@: very slightly contaminated
A: no food or potions, fire vulnerability, cold resistance 1, negative energy
resistance 3, torment resistance, unbreathing
a: Renounce Religion


You were on level 5 of the Dungeon.
You worshipped Sif Muna.
Sif Muna was noncommittal.
You were not hungry.

You visited 2 branches of the dungeon, and saw 6 of its levels.

You collected 187 gold pieces.

Inventory:

Hand Weapons
 e - a +1 dagger (weapon)
 k - a -1 hand axe
Armour
 a - a +0 robe (worn)
Jewellery
 l - an amulet of faith (around neck)
Scrolls
 d - a scroll of identify
Books
 b - a book of Flames

   Spells                             Type                      Level
   a - Flame Tongue                   Conjuration/Fire             1
   b - Throw Flame                    Conjuration/Fire             2
   c - Conjure Flame                  Conjuration/Fire             3
   d - Inner Flame                    Hexes/Fire                   3
   e - Sticky Flame                   Conjuration/Fire             4
   f - Fireball                       Conjuration/Fire             5


   Skills:
 - Level 1.5 Dodging
 - Level 1.5 Stealth
 + Level 5.3 Spellcasting
 * Level 4.3 Conjurations
 + Level 3.7 Fire Magic


You had 6 spell levels left.
You knew the following spells:

 Your Spells              Type           Power        Failure   Level  Hunger
a - Flame Tongue          Conj/Fire      ###..        3%          1    N/A
b - Conjure Flame         Conj/Fire      ###.....     12%         3    N/A
c - Sticky Flame          Conj/Fire      ###.....     34%         4    N/A
d - Throw Flame           Conj/Fire      ###...       6%          2    N/A

Dungeon Overview and Level Annotations

Branches:
Dungeon (5/15)             Temple (1/1) D:4

Altars:
Ashenzari
Dithmenos
Elyvilon
Fedhas
Gozag
Hepliaklqana
Kikubaaqudgha
Makhleb
Nemelex Xobeh
Okawaru
Qazlal
Ru
Sif Muna
Uskayaw
Vehumet
Xom
Yredelemnul
Zin
The Shining One

Shops:
D:4 %

Annotations:
D:5 Dowan, Duvessa


Innate Abilities, Weirdness & Mutations

You do not eat or drink.
Your flesh is vulnerable to fire.
You are immune to poison.
Your flesh is cold resistant. (rC+)
You are immune to negative energy. (rN+++)
You are immune to unholy pain and torment.
You can survive without breathing.


Message History

Aim: Duvessa, wielding a short sword (almost dead, fast)
You miscast Flame Tongue.
You are very lightly contaminated with residual magic.
You are momentarily dazzled by a flash of light!
Duvessa hits you with a short sword!
* * * LOW HITPOINT WARNING * * *
Duvessa barely misses you.
You closely miss Duvessa.
Duvessa is almost dead.
Duvessa hits you with a short sword.
* * * LOW HITPOINT WARNING * * *
Casting: Flame Tongue
Confirm with . or Enter, or press ? or * to list all spells.
Aiming: Flame Tongue
Press: ? - help, Shift-Dir - straight line, f/p - Duvessa
Aim: Duvessa, wielding a short sword (almost dead, fast)
You miscast Flame Tongue.
Your bandages flutter.
Duvessa closely misses you.
Dowan casts a spell.
Dowan blinks!
Duvessa hits you with a short sword!
You die...

#...# #...# #...# #...#
#...# ###...#
#########.....#########.
........'...§.Ze@......)
.....####......#........
..$..+ ######.#........
.....# #|#........
....Z# ...........
...... ...........
....... .......?...#
........ ##.#.......#
.........


You could see Duvessa and a bullfrog skeleton.

Vanquished Creatures
  A phantom (D:4)
  An ogre (D:4)
  A gnoll sergeant (D:5)
  2 hounds (D:4)
  2 jellies (D:3)
  2 worker ants
  3 gnolls
  4 adders (D:4)
  A worm (D:4)
  A dart slug (D:1)
  A leopard gecko (D:4)
  An orc (D:3)
  6 giant cockroaches
  6 goblins
  8 hobgoblins
  An iguana (D:3)
  3 jackals (D:5)
  A quokka (D:4)
  4 bats
  5 frilled lizards
  A jackal skeleton (D:4)
  10 kobolds
  7 rats
72 creatures vanquished.

Notes
Turn   | Place    | Note
-------+----------+-------------------------------------------
     0 | D:1      | Kriby the Mummy Fire Elementalist began the quest for the Orb.
     0 | D:1      | Reached XP level 1. HP: 13/13 MP: 4/4
    37 | D:1      | Reached skill level 1 in Conjurations
   113 | D:1      | Reached XP level 2. HP: 8/19 MP: 0/5
   116 | D:1      | Reached skill level 3 in Spellcasting
  1159 | D:2      | Reached XP level 3. HP: 24/24 MP: 4/7
  1178 | D:2      | Found a glowing golden altar of the Shining One.
  1178 | D:2      | Found a burning altar of Makhleb.
  1249 | D:2      | Noticed a water elemental
  1314 | D:2      | Found a stormy altar of Qazlal.
  1316 | D:2      | Noticed a fire elemental
  1317 | D:2      | Noticed an air elemental
  1317 | D:2      | Noticed an earth elemental
  2045 | D:3      | Reached XP level 4. HP: 30/30 MP: 4/9
  2098 | D:3      | Learned a level 3 spell: Conjure Flame
  2103 | D:3      | Learned a level 4 spell: Sticky Flame
  2106 | D:3      | Learned a level 2 spell: Throw Flame
  2205 | D:3      | Reached skill level 4 in Spellcasting
  2357 | D:3      | Found a shimmering altar of Xom.
  2714 | D:4      | Found Natsuept's Food Shop.
  2717 | D:4      | Reached XP level 5. HP: 27/35 MP: 5/11
  2787 | D:4      | Found an opulent altar of Gozag.
  2814 | D:4      | Noticed a phantom
  2827 | D:4      | Killed a phantom
  2989 | D:4      | Noticed an ogre
  2994 | D:4      | Killed an ogre
  2994 | D:4      | Reached XP level 6. HP: 41/41 MP: 4/13
  3647 | D:4      | Found a staircase to the Ecumenical Temple.
  3736 | Temple   | Entered the Ecumenical Temple
  3744 | Temple   | Became a worshipper of Sif Muna the Loreminder
  3762 | D:5      | Entered Level 5 of the Dungeon
  3784 | D:5      | Reached skill level 5 in Spellcasting
  4213 | D:5      | Reached XP level 7. HP: 46/46 MP: 0/14
  4240 | D:5      | Noticed Duvessa
  4240 | D:5      | Noticed Dowan
  4262 | D:5      | Slain by Duvessa

Vault maps used:
D:1:      lightli_arrival_statue_moat
D:2:      nicolae_qazlal_style_of_elements, gammafunk_temple_overflow_wave,
          st_stairs_8, chequers_big_river
D:3:      dk_xom_monty_hall
D:4:      grunt_gozag_statues, first_bread, serial_shops, shop,
          supply_closet_lemuel
D:5:      enter_ossuary_5, serial_shops, kennysheep_little_box,
          nicolae_ru_sacrificial_ziggurat, uniq_duvessa
Temple:   nicolae_temple_no_exploring_needed

Skill      XL: |  1  2  3  4  5  6 |
---------------+-------------------+-----
Conjurations   | 1 2 3 4 |  4.3
Spellcasting   | 3 4 5 |  5.3
Fire Magic     | 3 |  3.7
Dodging        | |  1.5
Stealth        | |  1.5

Action                   |  1- 3 |  4- 6 |  7- 9 || total
-------------------------+-------+-------+-------++-------
Melee: Unarmed           |     3 |       |       ||     3
       Dagger            |    16 |       |     2 ||    18
       Club              |     4 |       |       ||     4
 Cast: Flame Tongue      |    70 |    71 |     2 ||   143
       Conjure Flame     |       |     5 |       ||     5
       Throw Flame       |       |     7 |       ||     7
       Sticky Flame      |       |     3 |     1 ||     4
  Use: Scroll            |       |       |     7 ||     7
Armor: Robe              |     9 |     1 |       ||    10
Dodge: Dodged            |    30 |    16 |     4 ||    50
